 Dungeon Crawl Stone Soup version 0.26.1-2-gb8aa6d0cf2 (webtiles) character file.

Game seed: 4965200439278996900

2111 growler the Zephyrmancer (level 9, -4/50 HPs)
             Began as a Tengu Air Elementalist on Mar 2, 2021.
             Was an Initiate of Gozag.
             Slain by Harold
             ... wielding a +0 long sword
              (15 damage)
             ... on level 7 of the Dungeon on Mar 3, 2021.
             The game lasted 00:18:34 (11681 turns).

growler the Zephyrmancer (Tengu Air Elementalist)  Turns: 11681, Time: 00:18:35

Health: -4/50      AC:  6    Str:  9    XL:     9   Next: 28%
Magic:  1/17       EV: 15    Int: 18    God:    Gozag
Gold:   623        SH:  0    Dex: 15    Spells: 8/18 levels left

rFire    . . .     SeeInvis .   g - +2 dagger (speed)
rCold    . . .     Faith    .   (no shield)
rNeg     . . .     Spirit   .   a - +0 robe
rPois    .         Reflect  .   (helmet restricted)
rElec    .         Harm     .   C - +0 cloak
rCorr    .         Rampage  .   E - +2 pair of gloves
Will     .....                  (boots unavailable)
Stlth    ++........             (no amulet)
HPRegen  0.16/turn              (no ring)
MPRegen  0.15/turn              (no ring)

@: marked, flying quickly and evasively, quick
A: beak, talons 3, able to fly
a: Stop Flying, Renounce Religion, Potion Petition, Call Merchant, Bribe Branch


You were on level 7 of the Dungeon.
You worshipped Gozag.
Gozag was pleased with you.
You visited 2 branches of the dungeon, and saw 8 of its levels.

You collected 696 gold pieces.
You paid 73 gold pieces to Gozag.

Inventory:

Hand Weapons
 e - a +0 dagger
   (You took it off a kobold on level 1 of the Dungeon)
 g - a +2 dagger of speed (weapon)
   (You found it on level 1 of the Dungeon)
 v - the +6 flail "ETAOIN SHRDLU" {vorpal, rN+ SInv, unknown}
   (You found it on level 5 of the Dungeon)

   It inflicts extra damage upon your enemies.
   It protects you from negative energy.
   It lets you see invisible.
Missiles
 p - a throwing net {!f}
Armour
 a - a +0 robe (worn)
 B - a +0 cloak
   (You found it on level 5 of the Dungeon)
 C - a +0 cloak (worn)
   (You found it on level 5 of the Dungeon)
 E - a +2 pair of gloves (worn)
   (You found it on level 6 of the Dungeon)
Jewellery
 m - an uncursed ring of resist corrosion {unknown}
   (You found it on level 5 of the Dungeon)
 n - an uncursed amulet of the acrobat {unknown}
   (You found it on level 3 of the Dungeon)
 s - an uncursed ring of positive energy {unknown}
   (You found it on level 4 of the Dungeon)
Wands
 c - a wand of disintegration (28)
   (You found it on level 6 of the Dungeon)
 t - a wand of flame (11)
   (You found it on level 5 of the Dungeon)
Scrolls
 b - 10 scrolls of teleportation {unknown}
 d - 8 scrolls of identify {unknown}
 f - 2 scrolls of magic mapping {unknown}
 q - a scroll of amnesia {unknown}
 w - 2 scrolls of fog {unknown}
 A - a scroll of fear {unknown}
 D - 2 scrolls of enchant armour {unknown}
 F - a scroll of random uselessness {unknown}
 G - 2 scrolls of immolation {unknown}
 H - a scroll of blinking {unknown}
Potions
 h - 3 potions of attraction {unknown}
 i - a potion of might {unknown}
 j - a potion of haste {unknown}
 l - a potion of mutation {unknown}
 o - a potion of cancellation {unknown}
 r - 2 potions of berserk rage {unknown}
 u - a potion of invisibility {unknown}
 x - a potion of brilliance {unknown}
 y - a potion of heal wounds {unknown}
 z - a potion of degeneration {unknown}


   Skills:
 + Level 3.0 Fighting
 - Level 2.1 Dodging
 - Level 2.0 Stealth
 - Level 5.0 Spellcasting
 - Level 9.0 Conjurations
 + Level 10.8 Air Magic


You had 8 spell levels left.
You knew the following spells:

 Your Spells              Type           Power        Failure   Level
a - Shock                 Conj/Air       100%         1%          1
b - Airstrike             Air            21%          1%          4
d - Static Discharge      Conj/Air       40%          1%          3
s - Swiftness             Air            43%          1%          2

Your spell library contained the following spells:

 Spells                   Type           Power        Failure   Level
 Lightning Bolt           Conj/Air       20%          6%          5


Dungeon Overview and Level Annotations

Branches:
Dungeon (7/15)             Temple (1/1) D:4

Altars:
Ashenzari
Cheibriados
Dithmenos
Fedhas
Gozag
Hepliaklqana
Kikubaaqudgha
Makhleb
Nemelex Xobeh
Okawaru
Qazlal
Ru
Sif Muna
Trog
Uskayaw
Vehumet
Wu Jian
Xom
Yredelemnul

Shops:
D:5 [   D:6 *   D:7 *

Annotations:
D:3 Sigmund
D:7 Harold


Innate Abilities, Weirdness & Mutations

You have a beak for a mouth.
You have claws for feet.
You can fly continuously.


Message History

The air twists around and strikes Harold!
Aim: Harold, wielding a +0 long sword, wearing a +0 scale mail, quivering 3 throwing nets and carrying a wand of enslavement (7) (heavily wounded)
The air twists around and strikes Harold!
Harold looks eager to get this over with.
Harold fires a harpoon shot at you. The harpoon shot hits you!
You are yanked forward by the harpoon shot.
Harold zaps a wand.
You resist with some effort.
Harold throws a throwing net.
The throwing net misses you.
Harold throws a throwing net.
The throwing net hits you.
You become entangled in the net!
You see here a throwing net {!f}.
You tear a large gash into the net.
You struggle against the net.
You rip the net and break free!
Harold zaps a wand.
Your will is overpowered!
You are confused.
Harold zaps a wand.
Your will is overpowered!
You are more confused.
Harold closely misses you.
You bump into the rock wall.
Harold closely misses you.
Harold yells, "I don't have all day!"
Harold hits you with a +0 long sword!
* * * LOW HITPOINT WARNING * * *
You bump into the rock wall.
Harold closely misses you.
Unknown command.
Harold throws a throwing net.
The throwing net misses you.
You see here a throwing net {!f}.
Harold says, "My wife will appreciate not having to wash blood out of my clothes anymore."
Harold casts a spell at you.
You barely resist. Harold closely misses you.
You are too confused!
You feel better.
Aim: Harold, wielding a +0 long sword, wearing a +0 scale mail and carrying a wand of enslavement (4) (severely wounded)
The air twists around and strikes Harold!
Harold points at you and mumbles some strange words.
A sentinel's mark forms upon you.
Aim: Harold, wielding a +0 long sword, wearing a +0 scale mail and carrying a wand of enslavement (4) (severely wounded, chance to affect: 30%) Harold easily resists.
Harold hits you with a +0 long sword!!
* * * LOW HITPOINT WARNING * * *
Aim: Harold, wielding a +0 long sword, wearing a +0 scale mail and carrying a wand of enslavement (4) (severely wounded, chance to affect: 30%) Harold easily resists.
Harold barely misses you.
Aim: Harold, wielding a +0 long sword, wearing a +0 scale mail and carrying a wand of enslavement (4) (severely wounded, chance to affect: 30%) Harold is blasted!
Harold hits you with a +0 long sword!
You die...
Your body crumbles into a pile of gold.

##.# ##......####..## #
##..# ##.......###..## #
#.###...###..##....##..##
#
.......?...((##.......##
# ............(#.......##
.....#####...........#
..#. ###...)...#..# . #
#....@######.# #....@.#
#.# #..>.>..# #.#
#.......# #.# ##......#
#.# ###....# #.# ###.##
#.# ## #.# ###


You could see Harold.

Vanquished Creatures
  A moth of wrath (D:4)
  A black bear (D:6)
  2 orc warriors (D:7)
  A sky beast (D:5)
  2 phantoms
  3 ogres
  2 centaurs (D:6)
  A necrophage (D:5)
  2 bullfrogs
  A scorpion (D:4)
  2 bullfrog skeletons
  A hound (D:4)
  Natasha (thrice) (D:4)
  An iguana (D:7)
  3 orc wizards
  A worker ant (D:5)
  5 gnolls
  7 adders
  A shadow imp (D:6)
  2 white imps (D:6)
  3 ufetubi
  An ooze (D:6)
  An adder skeleton (D:6)
  4 worms
  11 dart slugs
  2 leopard geckos
  11 orcs
  4 bats
  3 giant cockroaches
  6 goblins
  2 hobgoblins
  13 jackals
  3 quokkas
  A ball python (D:4)
  7 frilled lizards
  7 kobolds
  A quokka zombie (D:6)
  9 rats
131 creatures vanquished.

Notes
Turn   | Place    | Note
-------+----------+-------------------------------------------
     0 | D:1      | growler the Tengu Air Elementalist began the quest for the
                  | Orb.
     0 | D:1      | Reached XP level 1. HP: 10/10 MP: 4/4
   451 | D:1      | Reached XP level 2. HP: 15/15 MP: 1/6
  1286 | D:1      | Learned a level 2 spell: Swiftness
  1449 | D:2      | Reached XP level 3. HP: 13/19 MP: 2/7
  1453 | D:2      | Learned a level 3 spell: Static Discharge
  2451 | D:2      | Reached XP level 4. HP: 21/24 MP: 0/9
  2850 | D:3      | Reached skill level 5 in Air Magic
  2872 | D:3      | HP: 1/24 [bullfrog skeleton (7)]
  3183 | D:3      | Noticed Sigmund
  3264 | D:3      | You fall into a shaft and drop 2 floors!
  3264 | D:5      | Entered Level 5 of the Dungeon
  3375 | D:5      | Gained mutation: You can fly continuously. [Tengu growth]
  3375 | D:5      | Reached XP level 5. HP: 28/28 MP: 4/10
  3474 | D:5      | Noticed a sky beast
  4198 | D:3      | Learned a level 4 spell: Airstrike
  4309 | D:4      | Found Sosenuw's Assorted Antiques.
  4366 | D:4      | Reached XP level 6. HP: 30/32 MP: 3/12
  4434 | D:4      | Found a shadowy altar of Dithmenos.
  4635 | D:4      | Noticed a moth of wrath
  4639 | D:4      | Found a bloodstained altar of Trog.
  4817 | D:4      | Killed a moth of wrath
  4818 | D:4      | Reached skill level 5 in Conjurations
  4818 | D:4      | Reached skill level 6 in Air Magic
  4818 | D:4      | Reached XP level 7. HP: 36/36 MP: 0/14
  5025 | D:4      | Reached skill level 7 in Air Magic
  5268 | D:4      | Found a staircase to the Ecumenical Temple.
  5295 | Temple   | Entered the Ecumenical Temple
  5554 | Temple   | Became a worshipper of Gozag Ym Sagoz the Greedy
  5576 | D:4      | Noticed Natasha
  5578 | D:4      | Killed Natasha
  5676 | D:4      | Found a bloodstained altar of Trog.
  5911 | D:4      | Found a burning altar of Makhleb.
  5911 | D:4      | Found a snail-covered altar of Cheibriados.
  6078 | D:4      | Noticed Natasha
  6080 | D:4      | Killed Natasha
  6266 | D:4      | Found a shadowy altar of Dithmenos.
  6338 | D:4      | Noticed Natasha
  6341 | D:4      | Killed Natasha
  6511 | D:4      | Found a snail-covered altar of Cheibriados.
  6512 | D:4      | Found a burning altar of Makhleb.
  6573 | D:4      | Found a staircase to the Ecumenical Temple.
  6616 | D:4      | Found a bloodstained altar of Trog.
  6780 | D:4      | Found a bloodstained altar of Trog.
  7308 | D:5      | Got a buzzing flail
  7700 | D:5      | Reached skill level 5 in Spellcasting
  7700 | D:5      | Reached XP level 8. HP: 41/41 MP: 7/16
  7827 | D:5      | Reached skill level 8 in Air Magic
  8099 | D:5      | Found Piril's Armour Boutique.
  8706 | D:6      | Found an iron altar of Okawaru.
  8707 | D:6      | Found a shimmering blue altar of Sif Muna.
  8707 | D:6      | Found a sacrificial altar of Ru.
  8730 | D:6      | Found an ancient bone altar of Kikubaaqudgha.
  8864 | D:6      | Reached skill level 9 in Air Magic
  9188 | D:6      | Found Beev's Assorted Antiques.
  9321 | D:6      | Found a sparkling altar of Nemelex Xobeh.
  9580 | D:6      | Reached skill level 10 in Air Magic
  9740 | D:6      | Reached XP level 9. HP: 45/45 MP: 8/17
 10197 | D:7      | Found Kihepiud's Assorted Antiques.
 10225 | D:7      | Reached skill level 1 in Fighting
 10876 | D:7      | Found a radiant altar of Vehumet.
 11214 | D:7      | HP: 2/50 [orc warrior/+0 war axe (8)]
 11651 | D:7      | Noticed Harold
 11681 | D:7      | Slain by Harold

Illustrated notes

Levels and vault maps discovered:
D:1:      nzn_arrival_settlement, layout_loops_corners
D:2:      layout_basic
D:3:      kennysheep_slugbush, layout_rooms, uniq_sigmund
D:4:      layout_layer_cave, nicolae_dithmenos_shadow_blocks,
          lemuel_crystal_altar, gammafunk_temple_overflow_wave,
          minmay_temple_entry_slanted, serial_shops, nicolae_shop_stone,
          tgw_trog, uniq_natasha
D:5:      layout_basic, serial_shops, nicolae_shop_statue_plus,
          saegor_snake_ambush
D:6:      black_bear_nest_2, layout_loops_corners,
          nicolae_overflow_quartered_altars, lemuel_crystal_altar, serial_shops,
          nicolae_shop_window_shopping
D:7:      kennysheep_spiral_hall, layout_layer_cave, vehumet_crystals,
          serial_shops, shop, uniq_harold
Temple:   compressed_dpeg_triangle_lava_temple

Skill      XL: |  1  2  3  4  5  6  7  8  9 |
---------------+----------------------------+-----
Conjurations   | 2 3 4 5 6 9 |  9.0
Air Magic      | 5 6 7 10 | 10.8
Spellcasting   | 3 4 5 |  5.0
Fighting       | 3 |  3.0
Dodging        | |  2.1
Stealth        | |  2.0

Action                   |  1- 3 |  4- 6 |  7- 9 || total
-------------------------+-------+-------+-------++-------
Melee: Dagger            |    15 |    18 |    39 ||    72
       Kick              |     5 |     5 |     6 ||    16
       Peck              |       |     2 |     6 ||     8
 Cast: Shock             |    56 |    82 |    70 ||   208
       Static Discharge  |       |     2 |    20 ||    22
       Airstrike         |       |     3 |    46 ||    49
 Abil: Fly               |       |     1 |       ||     1
Evoke: Wand              |       |       |     3 ||     3
  Use: Potion            |       |     1 |     3 ||     4
Armor: Robe              |     1 |     4 |     9 ||    14
Dodge: Dodged            |    26 |    21 |    48 ||    95
